 Dungeon Crawl Stone Soup version 0.23-a0-844-gdc03e01 (console) character file.

90 bli the Sneak (level 4, -3/22 HPs)
             Began as a Spriggan Assassin on Jan 26, 2019.
             Slain by a gnoll
             ... wielding a cursed -1 spear
              (13 damage)
             ... on level 3 of the Dungeon.
             The game lasted 00:06:35 (2317 turns).

bli the Sneak (Spriggan Assassin)                   Turns: 2317, Time: 00:06:36

Health: -3/22      AC:  3    Str:  7    XL:     4   Next: 32%
Magic:  5/5        EV: 19    Int: 12    God:
Gold:   106        SH:  0    Dex: 18    Spells: 3/3 levels left

rFire    . . .     SeeInvis +   a - +3 short sword
rCold    . . .     Gourm    .   (shield restricted)
rNeg     . . .     Faith    .   c - +0 robe
rPois    .         Spirit   .   (helmet restricted)
rElec    .         Reflect  .   d - +0 cloak
rCorr    .         Harm     .   (gloves unavailable)
MR       .....                  (boots unavailable)
Stlth    ++++......             (no amulet)
HPRegen  0.07/turn              (no ring)
MPRegen  0.09/turn              (no ring)

@: very quick
A: very small, unfitting armour, see invisible, herbivore, speed 3, slow
metabolism 2
a: no special abilities


You were on level 3 of the Dungeon.
You were not hungry.

You visited 1 branch of the dungeon, and saw 3 of its levels.

You collected 106 gold pieces.

Inventory:

Hand Weapons
 a - a +3 short sword (weapon)
 b - a +0 blowgun
 x - a +2 dagger
Missiles
 e - 4 poisoned needles
 f - 2 curare-tipped needles
 i - 115 stones (quivered)
 k - 42 arrows
Armour
 c - a +0 robe (worn)
 d - a +0 cloak (worn)
 r - a +0 buckler
Scrolls
 h - 4 scrolls of remove curse {unknown}
 j - a scroll of magic mapping {unknown}
 m - 4 scrolls of identify {unknown}
 q - a scroll of enchant armour {unknown}
 s - 3 scrolls of random uselessness {unknown}
 t - 2 scrolls of teleportation {unknown}
 y - a scroll of enchant weapon {unknown}
Potions
 l - a potion of cancellation {unknown}
 n - 3 potions of curing {unknown}
 o - a potion of degeneration {unknown}
 p - a potion of brilliance {unknown}
 u - a potion of mutation {unknown}
 v - a potion of magic {unknown}
 w - a potion of invisibility {unknown}
Comestibles
 g - 4 rations


   Skills:
 + Level 1.5 Fighting
 + Level 3.5 Short Blades
 - Level 2.0 Throwing
 * Level 3.7 Dodging
 * Level 6.9 Stealth


You had 3 spell levels left.
You didn't know any spells.
Your spell library was empty.

Dungeon Overview and Level Annotations

Branches:
Dungeon (3/15)

Altars:


Innate Abilities, Weirdness & Mutations

You are very small and have problems with some larger weapons.
You are too small for most types of armour.
You have supernaturally acute eyesight. (SInv)
You are a herbivore.
You cover ground extremely quickly.
You need to consume almost no food.


Message History

Press: ? - help, Shift-Dir - straight line, f/p - gnoll
Aim: a gnoll You shoot a poisoned needle.
The poisoned needle hits the gnoll.
The gnoll looks even sicker.
The gnoll is lightly wounded.
Firing (i - inventory. (/) - cycle)
e - 5 poisoned needles (quivered)
Press: ? - help, Shift-Dir - straight line, f/p - gnoll
Aim: a gnoll You shoot a poisoned needle.
The poisoned needle hits the gnoll.
The gnoll looks as sick as possible!
The gnoll is moderately wounded.
a - a +3 short sword (weapon)
The gnoll hits you with a cursed -1 spear.
You hit the gnoll.
The gnoll is severely wounded.
The gnoll barely misses you.
You barely miss the gnoll.
The gnoll is almost dead.
The gnoll misses you.
The gnoll hits you with a cursed -1 spear!
Ouch! That really hurt!
You die...

.# #........#.........#.# #.# .#
#.##......###.#...##.# #.# .#
#.##...#..# #.##.###.# #.# .#
#.##......###.##.###.# #.# .#
#.###..>.............# #.# .# #.#
#.#...######'##### #.# .#
#.###.#...# ##...## #.# .#
#.........# ##.....## #.##### ##
######..#####.......## #......
########...####..g......####...#.
..............+.@g((((..'g.......
#######.#..####.........####...#.
#...## ##.......## ##.... ##.##
##.....## ##g## .# ##...## #(#
#.# ##+## #)# .# #.# .# #.# #(#
#.# #.#


You could see 2 gnolls.

Vanquished Creatures
  A gnoll (D:3)
  An adder (D:2)
  5 dart slugs
  4 orcs (D:3)
  2 ball pythons
  A giant cockroach (D:3)
  7 goblins
  4 hobgoblins
  7 kobolds
  A quokka (D:2)
  8 bats
  4 frilled lizards
  9 rats
54 creatures vanquished.

Notes
Turn   | Place    | Note
-------+----------+-------------------------------------------
     0 | D:1      | bli the Spriggan Assassin began the quest for the Orb.
     0 | D:1      | Reached XP level 1. HP: 10/10 MP: 2/2
   311 | D:1      | Reached XP level 2. HP: 14/14 MP: 3/3
   929 | D:1      | Reached skill level 6 in Stealth
   934 | D:1      | Reached XP level 3. HP: 18/18 MP: 4/4
  1876 | D:3      | Found a faded altar of an unknown god.
  1906 | D:3      | Reached XP level 4. HP: 20/22 MP: 5/5
  2317 | D:3      | Slain by a gnoll

Vault maps used:
D:1:      mrwooster_arrival_statue_3
D:3:      chequers_ecumenical_altar_simple_redux

Skill      XL: |  1  2 |
---------------+-------+-----
Dodging        | 2 3 |  3.7
Short Blades   | 3 |  3.5
Stealth        | 6 |  6.9
Fighting       | |  1.5
Throwing       | |  2.0

Action                   |  1- 3 |  4- 6 || total
-------------------------+-------+-------++-------
Melee: Dagger            |   141 |     4 ||   145
       Short sword       |       |    30 ||    30
 Fire: Blowgun           |       |     4 ||     4
Throw: Stone             |     9 |    13 ||    22
 Stab: Sleeping          |     9 |       ||     9
Armor: Robe              |    13 |     4 ||    17
Dodge: Dodged            |   108 |    20 ||   128

Table legend:
 A = Non-vault XP
 B = Vault XP
 C = Vault XP percentage of total XP
 D = Non-vault monster count
 E = Vault monster count
 F = Vault count percentage of total count
                 A         B        C        D         E       F
            +---------+---------+-------+---------+---------+-------
      Total |     129 |       0 |   0.0 |      54 |       0 |   0.0
            +---------+---------+-------+---------+---------+-------
        D:1 |      46 |       0 |   0.0 |      23 |       0 |   0.0
        D:2 |      44 |       0 |   0.0 |      18 |       0 |   0.0
        D:3 |      39 |       0 |   0.0 |      13 |       0 |   0.0
            +---------+---------+-------+---------+---------+-------
